 Dungeon Crawl Stone Soup version 0.30-a0-702-gdf48620a09 (webtiles) character file.

Game seed: 5252737642862310452

59 flotson the Sneak (level 3, 0/29 HPs)
             Began as a Demonspawn Delver on Jan 21, 2023.
             Succumbed to a scorpion's poison
             ... on level 4 of the Dungeon.
             The game lasted 00:00:59 (165 turns).

flotson the Sneak (Demonspawn Delver)                Turns: 165, Time: 00:01:00

Health: 0/29       AC:  3    Str: 14    XL:     3   Next: 78%
Magic:  3/3        EV: 12    Int: 11    God:
Gold:   0          SH:  0    Dex: 14    Spells: 2/2 levels left

rFire   . . .      SeeInvis .    b - +1 sling (freeze)
rCold   . . .      Faith    .    (no shield)
rNeg    . . .      Spirit   .    i - +0 leather armour
rPois   .          Reflect  .    (helmet restricted)
rElec   .          Harm     .    (no cloak)
rCorr   .          Rampage  .    (no gloves)
Will    +....                    (no boots)
Stlth   +++                      (no amulet)
HPRegen 0.24/turn                h - ring of willpower
MPRegen 0.08/turn                (no ring)

@: mighty, lethally poisoned (0 -> -2), hasted, very quick
A: horns 2
a: no special abilities


You were on level 4 of the Dungeon.
You visited 1 branch of the dungeon, and saw 2 of its levels.

Inventory:

Hand Weapons
 a - a +0 hand axe
 b - a +1 sling of freezing (weapon)
Armour
 i - a +0 leather armour (worn)
Jewellery
 h - a ring of willpower (left hand)
Wands
 g - a wand of digging (3)
Scrolls
 d - a scroll of magic mapping


   Skills:
 + Level 3.3 Fighting
 - Level 2.0 Axes
 + Level 1.0 Armour
 + Level 2.2 Dodging
 + Level 4.8 Stealth
 + Level 1.4 Evocations


You had 2 spell levels left.
You didn't know any spells.
Your spell library contained the following spells:

 Spells                   Type           Power      Damage    Failure   Level
 Freeze                   Ice            0%         1d3       41%         1
 Frozen Ramparts          Ice            0%         1d1       78%         3
 Hailstorm                Conj/Ice       0%         3d3       78%         3


Dungeon Overview and Level Annotations

Branches:
Dungeon (5/15)
 Temple: D:4-7

Altars:

Annotations:
D:5 Menkaure


Innate Abilities, Weirdness & Mutations

You have a pair of horns on your head.


Message History

You feel very sick. The scorpion stings you.
* * * LOW HITPOINT WARNING * * *
You are too injured to fight recklessly!
You are too injured to fight recklessly!
You are too injured to fight recklessly!
It was a potion of might.
You feel very mighty all of a sudden.
* * * LOW HITPOINT WARNING * * *
You feel sick.
The scorpion stings you but does no damage.
The scorpion stings you.
* * * LOW HITPOINT WARNING * * *
You feel yourself speed up.
* * * LOW HITPOINT WARNING * * *
You feel sick. The scorpion closely misses you.
Fire: b) +1 sling (freeze)
Press: ? - help, Q - select action Shift-Dir - straight line, f/p - scorpion
Aim: a scorpion (severely wounded, 57% to hit)
You shoot a sling bullet. The sling bullet hits the scorpion.
The sling bullet freezes the scorpion.
You kill the scorpion!
* * * LOW HITPOINT WARNING * * *
You feel sick.
Training target 2.0 for Axes reached!
Your Axes skill increases to level 2!
Your Armour skill increases to level 1!
Your Dodging skill increases to level 2!
Your Evocations skill increases to level 1!
You have reached level 2!
Your demonic ancestry asserts itself...
A pair of horns grows on your head!
You have reached level 3!
Your experience leads to an increase in your attributes!
Increase (S)trength, (I)ntelligence, or (D)exterity?
You feel stronger. x2; Your demonic ancestry asserts itself...
The horns on your head grow some more.
You aren't carrying any potions.
As you read the scroll of fog, it crumbles to dust.
The scroll dissolves into smoke.
You die...

... #.# # #.#
#.#.# ###.#.#
.##....§#####.#
!.....#§§§§...#
.......§@§.#
.....##§####
... #§# . #.#
#.# #.# #.# #.#
#.#


There were no monsters in sight!

Vanquished Creatures
  A scorpion (D:4)
  A kobold (D:4)
2 creatures vanquished.

Notes
Turn   | Place    | Note
-------+----------+-------------------------------------------
     0 | D:5      | flotson the Demonspawn Delver began the quest for the Orb.
     0 | D:5      | Reached XP level 1. HP: 18/18 MP: 1/1
    31 | D:5      | Noticed Menkaure
    31 | D:5      | Noticed a centaur
    42 | D:4      | Noticed a scorpion
   124 | D:4      | Noticed a scorpion
   164 | D:4      | Killed a scorpion
   165 | D:4      | Reached skill level 1 in Armour
   165 | D:4      | Reached skill level 1 in Evocations
   165 | D:4      | Gained mutation: You have a pair of small horns on your
                  | head. [demonic ancestry]
   165 | D:4      | Reached XP level 2. HP: 1/24 MP: 2/2
   165 | D:4      | Gained mutation: You have a pair of horns on your head.
                  | [demonic ancestry]
   165 | D:4      | Reached XP level 3. HP: 1/29 MP: 3/3
   165 | D:4      | Succumbed to a scorpion's poison

Illustrated notes

Levels and vault maps discovered:
D:4:      layout_basic, minmay_temple_entry_glassed_door, minmay_misc_feat_five,
          kennysheep_generic_room_15
D:5:      layout_basic, kiku_gazebo_pond_becter, nicolae_titane,
          uniq_blork_the_orc, uniq_menkaure

Skill      XL: |  1 |
---------------+----+-----
Axes           | 2 |  2.0
Armour         | 1 |  1.0
Dodging        | 2 |  2.2
Evocations     | 1 |  1.4
Fighting       | |  3.3
Stealth        | |  4.8

Action                   || total
-------------------------++-------
 Fire: Sling             ||     5
  Use: Potion            ||     2
       Scroll            ||     2
Armor: Leather armour    ||     1
Dodge: Dodged            ||     3

Table legend: (Time is in decaauts)
 A = Elapsed time spent in this place.
 B = Non-inter-level travel time spent in this place.
 C = Inter-level travel time spent in this place.
 D = Time resting spent in this place.
 E = Time spent auto-exploring this place.
 F = Levels seen in this place.
 G = Mean time per level.
                   A        B        C        D        E       F      G
               +--------+--------+--------+--------+--------+-----+--------+
         Total |    165 |    165 |      0 |      0 |     93 |   2 |   82.5 |
       Dungeon |    165 |    165 |      0 |      0 |     93 |   2 |   82.5 |
               +--------+--------+--------+--------+--------+-----+--------+

Top non-repeatable levels by time:
     D:4: 124 daAuts
     D:5: 41 daAuts
